 Dungeon Crawl Stone Soup version 0.27.0-1-g7a08968 (webtiles) character file.

Game seed: 17388990803547626279

761 DreamSheep the Magician (level 7, -7/59 HPs)
             Began as a Troll Hedge Wizard on Aug 15, 2021.
             Was a Priest of Elyvilon.
             Mangled by a wyvern skeleton (12 damage)
             ... on level 6 of the Dungeon.
             The game lasted 00:14:55 (4362 turns).

DreamSheep the Magician (Troll Hedge Wizard)        Turns: 4362, Time: 00:14:56

Health: -7/59      AC:  5    Str: 25      XL:     7   Next: 51%
Magic:  2/11       EV:  9    Int: 12      God:    Elyvilon [***...]
Gold:   182        SH:  0    Dex:  7 (9)  Spells: 10/13 levels left

rFire    . . .     SeeInvis .   j - +1 short sword (speed)
rCold    . . .     Faith    .   (no shield)
rNeg     . . .     Spirit   .   b - +0 robe
rPois    .         Reflect  .   c - +0 hat
rElec    .         Harm     .   u - +0 cloak
rCorr    .         Rampage  .   (gloves unavailable)
Will     +....                  (boots unavailable)
Stlth    +.........             (no amulet)
HPRegen  1.19/turn              w - +6 ring of strength
MPRegen  0.12/turn              d - ring of willpower

@: no status effects
A: large, unfitting armour, claws 3, regeneration 1, shaggy fur 1, tough skin 1
a: Renounce Religion, Lesser Healing, Heal Other, Purification, Divine
Protection


You were on level 6 of the Dungeon.
You worshipped Elyvilon.
Elyvilon was most pleased with you.
You visited 1 branch of the dungeon, and saw 6 of its levels.

You collected 240 gold pieces.
You spent 58 gold pieces at shops.

Inventory:

Hand Weapons
 a - a +0 dagger
 g - a +2 dagger of venom
 j - a +1 short sword of speed (weapon)
Missiles
 z - a throwing net
Armour
 b - a +0 robe (worn)
 c - a +0 hat (worn)
 u - a +0 cloak (worn)
Jewellery
 d - a ring of willpower (right claw)
 q - an amulet of faith
 v - a ring of flight
 w - a +6 ring of strength (left claw)
Wands
 t - a wand of iceblast (2)
Scrolls
 e - 2 scrolls of acquirement {unknown}
 f - 3 scrolls of brand weapon {unknown}
 h - 2 scrolls of noise {unknown}
 i - 2 scrolls of identify {unknown}
 l - 2 scrolls of summoning {unknown}
 n - a scroll of immolation {unknown}
 p - a scroll of blinking {unknown}
 s - a scroll of enchant weapon {unknown}
 x - a scroll of teleportation {unknown}
 y - a scroll of enchant armour {unknown}
Potions
 k - 2 potions of ambrosia {unknown}
 m - a potion of resistance {unknown}
 o - a potion of brilliance {unknown}
 r - 2 potions of haste {unknown}


   Skills:
 + Level 2.7 Short Blades
 - Level 1.9 Dodging
 - Level 1.1 Stealth
 * Level 3.9 Spellcasting
 * Level 3.7 Conjurations
 - Level 0.6 Summonings
 - Level 0.6 Translocations


You had 10 spell levels left.
You knew the following spells:

 Your Spells              Type           Power      Damage    Failure   Level
a - Magic Dart            Conj           44%        1d5       4%          1
b - Blink                 Tloc           N/A        N/A       26%         2

Your spell library contained the following spells:

 Spells                   Type           Power      Damage    Failure   Level
 Searing Ray              Conj           22%        3d3       7%          2
 Call Imp                 Summ           3%         N/A       26%         2
 Conjure Flame            Conj/Fire      6%         6-21      30%         3
 Slow                     Hex            2%         N/A       34%         2
 Mephitic Cloud           Conj/Pois/Air  5%         N/A       38%         3
 Fulminant Prism          Conj/Hex       3%         3d6       71%         4


Dungeon Overview and Level Annotations

Branches:
Dungeon (6/15)
 Temple: D:4-7

Altars:
Elyvilon
Nemelex Xobeh
Qazlal
Xom

Shops:
D:4 [

Annotations:
D:3 3 runed translucent doors, Taxman66's ghost, amateur GrEE


Innate Abilities, Weirdness & Mutations

You are too large for most types of armour.
You have claws for hands.
Your natural rate of healing is unusually fast.
You are covered in fur. (AC +1)
You have tough skin. (AC +1)


Message History

The iron imp shouts, "Out, out, thou odious bat-fowling flirt-gill!"
The bat hits you.
* * * LOW HITPOINT WARNING * * *
There is a stone staircase leading down here.
The bat hits you.
* * * LOW HITPOINT WARNING * * *
The bat barely misses you.
You miss the bat.
The iron imp disappears in a puff of smoke!
The bat closely misses you. The wyvern skeleton closely misses you.
You closely miss the bat. The bat barely misses you. x2
The wyvern skeleton bites you.
* * * LOW HITPOINT WARNING * * *
You hit the bat but do no damage. The bat barely misses you.
The bat hits you but does no damage. The wyvern skeleton closely misses you.
You closely miss the bat. The bat hits you but does no damage. x2
The wyvern skeleton bites you!
* * * LOW HITPOINT WARNING * * *
Casting: Blink (dangerous; 26% risk of failure)
Confirm with . or Enter, or press ? or * to list all spells.
You blink.
The bat barely misses you. Eustachio hits you but does no damage.
The wyvern skeleton closely misses you. The iron imp misses you.
You hit Eustachio but do no damage.
Eustachio is almost dead.
The bat hits you but does no damage.
The quasit bites you but does no damage.
The quasit closely misses you.
The quasit claws you but does no damage.
The wyvern skeleton bites you but does no damage.
Eustachio hits you with a +0 rapier.
* * * LOW HITPOINT WARNING * * *
You hit Eustachio.
You kill Eustachio!
The bat disappears in a puff of smoke!
The quasit disappears in a puff of smoke!
The river rat disappears in a puff of smoke!
The quokka disappears in a puff of smoke!
The iron imp disappears in a puff of smoke!
The wyvern skeleton bites you!
You die...

..............r.#.#####.#
.............5..r.....#.#
.............r.......##.#####
.....#.####...b##§### #.....#
.###.#.####....##.#####.....##.
......................'.........
.###.#.########+#§#####.....#...
.# #.#.# #...)§#<###.....# ##
.###.#.######...@§..........#
.......@....'....Z............#
.###.#.######..§.§....#######.#
.# #.#.# #####.##### .# ## #.#.#
#....# #.#.# #######.######
#.#.. ..........5..# ..#.#
#.......####.# #.#.. ....###.#


You could see a wyvern skeleton.

Vanquished Creatures
  Eustachio (D:6)
  2 sky beasts
  An ogre (D:5)
  A phantom (D:3)
  A howler monkey (D:5)
  A bullfrog zombie (D:5)
  A jelly (D:6)
  An iguana (D:4)
  Terence (D:3)
  Natasha (thrice) (D:2)
  A howler monkey zombie (D:4)
  3 gnolls (D:6)
  7 adders
  A howler monkey skeleton (D:4)
  2 orcs
  7 bats
  13 endoplasms
  4 giant cockroaches
  7 goblins
  3 hobgoblins
  12 jackals
  3 quokkas
  7 ball pythons
  A frilled lizard (D:1)
  7 kobolds
  7 rats
98 creatures vanquished.

Vanquished Creatures (others)
  2 plants (D:2)
2 creatures vanquished.

Grand Total: 100 creatures vanquished

Notes
Turn   | Place    | Note
-------+----------+-------------------------------------------
     0 | D:1      | DreamSheep the Troll Hedge Wizard began the quest for the
                  | Orb.
     0 | D:1      | Reached XP level 1. HP: 16/16 MP: 2/2
   388 | D:1      | Reached XP level 2. HP: 24/24 MP: 0/4
   653 | D:1      | Reached XP level 3. HP: 30/31 MP: 5/5
   812 | D:1      | Reached skill level 1 in Conjurations
   934 | D:2      | Noticed Natasha
   946 | D:2      | Killed Natasha
  1120 | D:2      | Reached skill level 1 in Short Blades
  1252 | D:2      | Noticed Natasha
  1267 | D:2      | Killed Natasha
  1268 | D:2      | Reached XP level 4. HP: 22/39 MP: 6/6
  1576 | D:2      | Found a faded altar of an unknown god.
  1621 | D:2      | Became a worshipper of Elyvilon the Healer
  1621 | D:2      | Reached * piety under Elyvilon
  1799 | D:2      | Noticed Natasha
  1816 | D:2      | Killed Natasha
  2111 | D:3      | Reached XP level 5. HP: 42/43 MP: 8/8
  2185 | D:3      | Found a shimmering altar of Xom.
  2188 | D:3      | Found a shimmering altar of Xom.
  2188 | D:3      | Found a shimmering altar of Xom.
  2188 | D:3      | Found a shimmering altar of Xom.
  2248 | D:3      | Noticed Terence
  2273 | D:3      | Killed Terence
  2329 | D:3      | Noticed a phantom
  2363 | D:3      | Found a runed translucent gate.
  2363 | D:3      | Found a runed translucent gate.
  2363 | D:3      | Found a runed translucent gate.
  2365 | D:3      | Noticed Taxman66's ghost (amateur GrEE)
  2395 | D:3      | Killed a phantom
  2396 | D:3      | Reached XP level 6. HP: 41/53 MP: 3/9
  2842 | D:4      | Reached ** piety under Elyvilon
  3219 | D:4      | Found Neekh's Armour Shoppe.
  3222 | D:4      | Bought a +0 cloak for 58 gold pieces
  3408 | D:5      | Entered Level 5 of the Dungeon
  3418 | D:5      | Noticed a sky beast
  3429 | D:5      | Killed a sky beast
  3500 | D:5      | Reached *** piety under Elyvilon
  3611 | D:5      | Reached XP level 7. HP: 14/59 MP: 6/11
  3922 | D:5      | Found a sparkling altar of Nemelex Xobeh.
  3923 | D:5      | Found a stormy altar of Qazlal.
  4216 | D:6      | Learned a level 2 spell: Blink
  4279 | D:6      | Noticed Eustachio
  4362 | D:6      | Killed Eustachio
  4362 | D:6      | Mangled by a wyvern skeleton

Illustrated notes

Levels and vault maps discovered:
D:1:      grunt_arrival_lava_bath, layout_basic,
          hangedman_decor_clover_reticule, minmay_domino_4
D:2:      layout_loops_corners, serial_aquarium, aquarium_bridge_square
          [aquarium_subvault_bridge, aquarium_subvault_bridge,
          aquarium_subvault_wall, aquarium_subvault_balcony], aquarium_window_2,
          aquarium_window_fake, aquarium_window_corridor_1,
          aquarium_window_fake, aquarium_view_2e, aquarium_view_2f,
          aquarium_balcony_3a, aquarium_pool_corner,
          shapermc_ecumenical_altar_ellora, uniq_natasha
D:3:      layout_rooms, xom_redecorated, ebering_ghost_rock_garden, uniq_terence
D:4:      layout_rooms, serial_shops, nicolae_shop_trees,
          eino_small_chamber_without_monster
D:5:      layout_basic, mainiacjoe_overflow_alcove_1,
          gammafunk_temple_overflow_statue
D:6:      layout_basic, uniq_eustachio

Skill      XL: |  1  2  3  4  5  6 |
---------------+-------------------+-----
Conjurations   | 1 2 3 |  3.7
Short Blades   | 1 2 |  2.7
Spellcasting   | 3 |  3.9
Dodging        | |  1.9
Stealth        | |  1.1
Summonings     | |  0.6
Translocations | |  0.6

Action                   |  1- 3 |  4- 6 |  7- 9 || total
-------------------------+-------+-------+-------++-------
Melee: Dagger            |   108 |   156 |       ||   264
       Short sword       |       |    38 |    96 ||   134
 Cast: Magic Dart        |     6 |    39 |    10 ||    55
       Blink             |       |       |     6 ||     6
 Stab: Sleeping          |     1 |     3 |       ||     4
Armor: Robe              |    57 |    58 |    63 ||   178
Dodge: Dodged            |    84 |    97 |    78 ||   259
